 Dungeon Crawl Stone Soup version 0.15.2 (webtiles) character file.

1039869 bullock the Annihilator (level 27, 0/176 HPs)
             Began as a Gargoyle Wizard on Nov 20, 2014.
             Was the Champion of Vehumet.
             Killed by an indirect mummy death curse (12 damage)
             ... on Level 20 of a ziggurat on Nov 21, 2014.
             The game lasted 17:27:17 (136197 turns).

bullock the Annihilator (Gargoyle Wizard)         Turns: 136197, Time: 17:27:17

HP   0/176       AC 49     Str 14      XL: 27
MP  29/52        EV 13     Int 36      God: Vehumet [******]
Gold 11282       SH 10     Dex  4 (8)  Spells: 13 memorised, 11 levels left

rFire  + + +     SeeInvis +     w - +14 lance "Wyrmbane" {slay drac, +Rage rPois rF+ AC+5}
rCold  x x .     Clarity  .     n - +2 ring mail of Leepnyf {+Inv rF+ rN+ MR+}
rNeg   + + +     rCorr    .     j - +3 buckler {AC+3} (curse)
rPois  +         rRot     +     P - +3 hat of Pondering {ponderous, MR+ MP+10 Int+5}
rElec  +         Spirit   .     M - +0 cloak of Starlight {rElec rC+ EV+4 Stlth-}
SustAb +         Warding  .     L - +5 pair of gloves of the Eleven Souls {rF+}
rMut   .         Stasis   .     E - +2 pair of boots {run} (curse)
Gourm  .                        (no amulet)
MR     ++++.                    Z - cursed ring "Twot" {Fire rN+ SInv}
                                K - ring of sustain abilities

@: immune to fire clouds, flying, very slightly contaminated, regenerating,
hasted and slowed, delayed fireball, repel missiles, incredibly resistant to
hostile enchantments, extremely unstealthy
A: able to fly continuously, big wings, fangs 1, horns 1, molten scales 1, see
invisible, clever 1, frail 1, low mp 1, negative energy resistance 1,
regeneration 1, electricity resistance, unbreathing, petrification resistance,
rot immunity, placid magic 1, AC +20
a: Stop Flying, Renounce Religion, Release Delayed Fireball, Evoke Berserk Rage,
Evoke Invisibility
}: 7/15 runes: serpentine, barnacled, slimy, silver, golden, abyssal, demonic


You were on level 20 of a ziggurat.
You worshipped Vehumet.
Vehumet was exalted by your worship.
You were not hungry.

You visited 14 branches of the dungeon, and saw 65 of its levels.
You visited Pandemonium 1 time, and saw 8 of its levels.
You visited the Abyss 1 time.
You visited 1 bazaar.
You visited 2 Ziggurats, and saw 44 of their levels (deepest: 24).
You also visited: Bailey, Ice Cave and Wizlab.

You collected 13620 gold pieces.
You spent 2338 gold pieces at shops.

Inventory:

Hand weapons
 i - the cursed +3 Elemental Staff {rElec rF++ rC++ MR++ AC+5}
   (You found it on level 12 of a ziggurat)

   It affects your AC (+5).
   It greatly protects you from fire.
   It greatly protects you from cold.
   It insulates you from electricity.
   It affects your resistance to hostile enchantments.
   It has a curse placed upon it.
 w - the cursed +14 lance "Wyrmbane" (weapon) {slay drac, +Rage rPois rF+ AC+5}
   (You found it on level 15 of a ziggurat)

   It affects your AC (+5).
   It protects you from fire.
   It protects you from poison.
   It lets you go berserk.
   It has a curse placed upon it.
Armour
 j - a cursed +3 buckler of protection (worn)
 n - the +2 ring mail of Leepnyf (worn) {+Inv rF+ rN+ MR+}
   (You found it on level 2 of the Shoals)

   It protects you from fire.
   It protects you from negative energy.
   It affects your resistance to hostile enchantments.
   It lets you turn invisible.
 E - a cursed +2 pair of boots of running (worn)
 L - the +5 pair of gloves of the Eleven Souls (worn) {rF+}
   (You acquired it on level 3 of the Vaults)

   It protects you from fire.
 M - the +0 cloak of Starlight (worn) {rElec rC+ EV+4 Stlth-}
   (You found it on level 18 of a ziggurat)

   It affects your evasion (+4).
   It protects you from cold.
   It insulates you from electricity.
   It makes you less stealthy.
 P - the cursed +3 hat of Pondering (worn) {ponderous, MR+ MP+10 Int+5}
   (You found it on level 11 of a ziggurat)

   It affects your intelligence (+5).
   It affects your resistance to hostile enchantments.
   It affects your magic capacity (+10).
   It has a curse placed upon it.
Magical devices
 e - a wand of heal wounds (5)
 s - a wand of heal wounds (4)
 t - a wand of fire (7)
 u - a wand of lightning (5)
 y - a wand of digging (8)
 O - a wand of teleportation (0)
 S - a wand of heal wounds (1)
 Y - a wand of heal wounds (5)
Comestibles
 h - 16 bread rations
 x - 35 fruits
 z - 2 meat rations
Scrolls
 a - 16 scrolls of magic mapping
 k - a scroll of amnesia
 m - 6 scrolls of recharging
 r - 10 scrolls of remove curse
 B - 39 scrolls of teleportation
 I - 7 scrolls of summoning
 Q - 17 scrolls of blinking
Jewellery
 o - the cursed amulet of Beoshrogh {rMut +Inv}
   (You found it on level 20 of a ziggurat)

   [amulet of resist mutation]

   It protects you from mutation.
   It lets you turn invisible.
   It has a curse placed upon it.
 A - the cursed amulet "Pnoatixo" {Ward rC- rN+ Str+2 Dex+3 Slay+4}
   (You found it on level 16 of a ziggurat)

   [amulet of warding]

   It may prevent the melee attacks of summoned creatures.
   It affects your strength (+2).
   It affects your dexterity (+3).
   It affects your accuracy and damage with ranged weapons and melee attacks
   (+4).
   It makes you vulnerable to cold.
   It protects you from negative energy.
   It has a curse placed upon it.
 D - the cursed ring of Vitality {HP+15 Regen}
   (You found it on level 2 of the Vaults)

   [ring of regeneration]

   It affects your health (+15).
   It increases your rate of regeneration.
   It has a curse placed upon it.
 F - the cursed ring of Virtue {rPois rC++ Stlth-}
   (You found it on level 18 of a ziggurat)

   [ring of poison resistance]

   It greatly protects you from cold.
   It protects you from poison.
   It makes you less stealthy.
   It has a curse placed upon it.
 G - the amulet of the Garden {Gourm Dex+2 Int+1, unknown}
   (You found it on level 19 of a ziggurat)

   [amulet of the gourmand]

   It allows you to eat raw meat even when not hungry.
   It affects your intelligence (+1).
   It affects your dexterity (+2).
 J - a cursed amulet of the gourmand
 K - a ring of sustain abilities (left hand)
 T - the cursed ring "Ifono" {Fire Slay+5 Stlth++}
   (You found it in Pandemonium)

   [ring of fire]

   It enhances your fire magic, and weakens your ice magic.
   It affects your accuracy and damage with ranged weapons and melee attacks
   (+5).
   It protects you from fire.
   It makes you vulnerable to cold.
   It makes you much more stealthy.
   It has a curse placed upon it.
 X - the cursed amulet of Phyant {Stasis +Inv rC+}
   (You found it on level 15 of a ziggurat)

   [amulet of stasis]

   It prevents you from being teleported, slowed, hasted or paralysed.
   It protects you from cold.
   It lets you turn invisible.
   It has a curse placed upon it.
 Z - the cursed ring "Twot" (right hand) {Fire rN+ SInv}
   (You found it on level 6 of the Pits of Slime)

   [ring of fire]

   It enhances your fire magic, and weakens your ice magic.
   It protects you from fire.
   It makes you vulnerable to cold.
   It protects you from negative energy.
   It enhances your eyesight.
   It has a curse placed upon it.
Potions
 b - 12 potions of restore abilities
 c - 6 potions of haste
 l - 2 potions of cancellation
 p - 2 potions of magic
 H - 17 potions of curing
 W - 2 potions of cure mutation
Magical staves
 V - a cursed staff of energy
Miscellaneous
 d - a fan of gales
 f - the horn of Geryon
 g - a lamp of fire
 q - a lamp of fire
 v - a lamp of fire
 C - a lamp of fire
 N - a sack of spiders {used: 3}
 R - a disc of storms


   Skills:
 + Level 26.1 Fighting
 * Level 15.1 Polearms
 - Level 1.5 Dodging
 - Level 2.1 Stealth
 + Level 19.0 Shields
 + Level 25.2 Spellcasting
 O Level 27 Conjurations
 - Level 12.2 Charms
   Level 0.8 Summonings
 - Level 10.0 Translocations
 + Level 25.8 Fire Magic
 - Level 24.0 Earth Magic
 - Level 22.0 Evocations


You had 11 spell levels left.
You knew the following spells:

 Your Spells              Type           Power        Failure   Level  Hunger
a - Lehudib's Crystal Sp  Conj/Erth      ########..   1%          8    None
c - Regeneration          Chrm/Necr      ######....   1%          3    None
d - Haste                 Chrm           ######..     1%          6    None
e - Fireball              Conj/Fire      #########.   0%          5    None
f - Ring of Flames        Chrm/Fire      ########..   1%          7    None
g - Delayed Fireball      Conj/Fire      N/A          0%          7    None
q - Blink                 Tloc           N/A          0%          2    None
r - Lee's Rapid Deconstr  Erth           #######...   0%          5    None
s - Control Teleport      Chrm/Tloc      ######....   0%          4    None
t - Controlled Blink      Tloc           N/A          5%          7    None
v - Repel Missiles        Chrm/Air       ######       0%          2    None
x - Fire Storm            Conj/Fire      #########.   1%          9    ###....
z - Bolt of Magma         Conj/Fire/Erth ########..   0%          5    None


Dungeon Overview and Level Annotations

Branches:
Dungeon (15/15)            Temple (1/1) D:6             Orc (4/4) D:11
    Elf (3/3) Orc:3          Lair (8/8) D:9          Shoals (5/5) Lair:3
  Snake (5/5) Lair:4        Slime (6/6) Lair:7       Vaults (5/5) D:14
  Crypt (3/3) Vaults:3       Tomb (3/3) Crypt:3      Depths (5/5) D:15
   Hell (1/1)                 Dis (0/7) Hell            Geh (0/7) Hell
    Coc (0/7) Hell            Tar (0/7) Hell            Zot (1/5) Depths:5

Altars:
Ashenzari
Cheibriados
Dithmenos
Elyvilon
Fedhas
Kikubaaqudgha
Makhleb
Nemelex Xobeh
Okawaru
Qazlal
Sif Muna
Trog
Vehumet
Xom
Yredelemnul
Zin
The Shining One
Jiyva

Shops:
D:7 ?   D:11 *   D:12 *   Orc:4 (*=[   Elf:1 }[*   Shoals:4 :   Snake:4 }
Vaults:2 }   Vaults:3 (   Vaults:4 *   Depths:4 ?

Portals:
Hell: Depths:1 Depths:2 Depths:3 Depths:4 Depths:5
Abyss: Depths:3 Depths:4
Pandemonium: Depths:3


Innate Abilities, Weirdness & Mutations

You are resistant to torment.
You are immune to poison.
You can fly continuously.
Your stone body is very resilient (AC +20).
Your wings are large and strong.
You resist negative energy.
You are resistant to electric shocks.
You can survive without breathing.
You are immune to petrification.
You are immune to rotting.
You are immune to clouds of flame.
You have very sharp teeth.
You have a pair of small horns on your head.
You are partially covered in molten scales (AC +1).
You have supernaturally acute eyesight.
Your mind is acute. (Int +2)
You are frail (-10% HP).
Your magical capacity is low (-10% MP).
Your natural rate of healing is unusually fast.
Your spells are a little easier to cast, but a little less powerful.


Message History

* * * LOW HITPOINT WARNING * * *
You feel a bit more experienced.
The great blast of fire engulfs the guardian mummy.
You destroy the guardian mummy!
Vehumet accepts your kill.
You feel your power returning.
You feel extremely nervous for a moment...
You feel as though you will be slow longer.
You feel horribly lethargic.
The great blast of fire engulfs the guardian mummy.
You destroy the guardian mummy!
Vehumet accepts your kill.
You feel your power returning.
You feel extremely nervous for a moment...
Pain shoots through your body!
* * * LOW HITPOINT WARNING * * *
Vehumet accepts your kill.
You feel extremely nervous for a moment...
Pain shoots through your body!
You die...

..... ......... ...........
..........
..§.§v§...................
§§M§§§v§...................
§§.§§§v§§...................
v§§.§§.§#§........#..........
§§§§§v§v##.......##..........
.§§.....V..§§§...............
....§.....v.§@§...............
............§v§..............▓
▓▓.........................▓▓▓
▓▓.......................▓▓
▓▓▓...................▓▓▓
▓▓▓▓.............▓▓▓▓
▓▓▓▓▓▓▓.▓▓▓▓▓▓▓ ▓▓▓


You could see a jiangshi and 7 friendly fire vortices.

Vanquished Creatures
  the royal jelly (Slime:6)
  2 orbs of fire (Zig:8)
  3 ancient liches
  48 greater mummies
  Mennas (Vaults:3)
  Geryon (Hell)
  11 golden dragons
  5 profane servitors
  Xtahua (Vaults:2)
  4 bone dragons
  Frederick (Tomb:1)
  5 Brimstone Fiends (Pan)
  2 Hell Sentinels (Pan)
  A Hellbinder (WizLab)
  8 pandemonium lords (Pan)
  6 Ice Fiends
  7 tentacled monstrosities
  Vashnia (Snake:3)
  12 deep elf blademasters
  9 titans (Vaults:5)
  9 deep elf master archers
  4 Executioners
  2 Shadow Fiends (Pan)
  2 quicksilver dragons
  An octopode crusher (Depths:2)
  Polyphemus (Shoals:3)
  7 storm dragons
  26 acid blobs
  2 krakens
  10 liches
  6 shadow dragons
  12 sphinxes
  19 ancient champions
  13 tentacled starspawn
  Rupert (Snake:1)
  4 warmongers (Pan)
  Frances (Snake:3)
  7 tengu reavers
  5 thorn hunters
  6 corrupters (Pan)
  Roxanne (Elf:2)
  5 daevas (Pan)
  8 azure jellies
  11 fire giants
  12 revenants
  Ilsuiw (Shoals:5)
  24 vault wardens
  8 frost giants
  Wiglaf (Snake:4)
  24 greater nagas
  4 ghost moths
  5 iron dragons
  2 draconian scorchers
  Aizul (Elf:3)
  Louise (Shoals:2)
  11 deep elf sorcerers
  A draconian zealot (Depths:5)
  10 balrugs
  6 draconian knights
  6 emperor scorpions
  5 orc warlords
  6 ghouls
  24 stone giants
  Jorgrun (Crypt:1)
  2 war gargoyles
  35 reapers
  17 deep elf demonologists
  An ophan (Abyss:3)
  2 draconian annihilators (Depths:2)
  13 cacodemons
  10 very ugly things
  4 curse skulls
  3 salamander firebrands (Hell)
  9 vampire knights
  3 blood saints (Pan)
  7 lorocyprocas
  A red draconian (Depths:5)
  A yellow draconian (Depths:5)
  2 purple draconians (Depths:5)
  5 chaos champions (Pan)
  A black draconian (Depths:5)
  2 mottled draconians (Depths:5)
  22 deep elf annihilators
  3 unborn
  4 dire elephants
  12 deep elf death magi
  7 eidola
  16 merfolk javelineers
  13 blizzard demons
  Snorg (Shoals:5)
  3 black suns (Pan)
  8 death oozes
  2 minotaurs
  38 mummy priests
  24 jiangshi
  16 ettins
  23 merfolk impalers
  3 quicksilver dragon zombies
  28 vault guards
  6 green deaths
  14 ironheart preservers
  2 ghost crabs (Zig:24)
  22 deep elf high priests
  17 hydras
  14 ice dragons
  18 fire dragons
  27 yaktaur captains
  Harold (D:14)
  A kraken zombie (Hell)
  8 rakshasas
  17 great orbs of eyes
  18 naga warriors
  A shambling mangrove (Abyss:4)
  A ravenous item mimic (Abyss:1)
  4 spriggan air magi
  6 sirens
  18 ogre magi
  12 monstrous demonspawn (Pan)
  An alligator snapping turtle (Shoals:5)
  11 merfolk aquamancers
  Erica (D:11)
  3 satyrs
  14 centaur warriors
  32 death yaks
  22 anacondas
  3 dancing weapons
  The ghost of gabygaby the Fey Orc, an experienced HODK of Yredelemnul (D:8)
  2 tengu warriors (Depths:5)
  7 deep troll earth magi
  The ghost of bullock the Conjurer, a powerful GrWz of Vehumet (Lair:1)
  6 alligators
  The ghost of trelanon the Basher, a powerful GrFi of Okawaru (Lair:2)
  4 death knights
  22 thrashing horrors
  10 orc high priests
  7 deep troll shamans
  8 hell hogs
  9 vampire magi
  Urug (Orc:3)
  19 naga sharpshooters
  A titan zombie (Zig:17)
  14 shock serpents
  Nergalle (Orc:3)
  29 soul eaters
  3 storm dragon zombies
  An iron golem (Zig:17)
  6 spriggan berserkers
  3 catoblepae
  11 salamander mystics
  36 skeletal warriors
  20 wretched stars
  20 sun demons
  A spectral emperor scorpion (Tomb:1)
  A titan skeleton (Zig:15)
  4 fire crabs
  7 spatial maelstroms
  2 fire crabs (shapeshifter) (Vaults:1)
  10 iron trolls
  72 large abominations
  38 deep elf knights
  17 hell knights
  3 death drakes
  20 ice devils
  28 deep trolls
  8 giant orange brains
  A giant orange brain (shapeshifter) (Abyss:4)
  7 orb spiders
  6 shadow wraiths
  6 golden dragon zombies
  A storm dragon skeleton (Zig:14)
  7 swamp dragons
  5 gelid demonspawn (Pan)
  11 naga ritualists
  An orb spider (shapeshifter) (Zig:19)
  17 orc knights
  25 sea snakes
  18 flayed ghosts
  2 death drakes (shapeshifter) (Vaults:1)
  12 shadow demons
  2 unseen horrors (shapeshifter)
  6 unseen horrors
  17 ironbrand convokers
  3 ice statues (IceCv)
  2 spriggan druids
  16 torturous demonspawn (Pan)
  25 deep elf summoners
  9 infernal demonspawn (Pan)
  4 tengu zombies
  24 hellions
  A harpy (shapeshifter) (Elf:3)
  10 hill giants
  2 anaconda skeletons
  11 lindwurms
  A shadow dragon zombie (Zig:19)
  3 golden dragon skeletons
  10 necromancers
  3 sphinx zombies
  10 wolf spiders
  23 harpies
  12 putrid demonspawn (Pan)
  13 orc sorcerers
  2 wolf spider zombies
  15 griffons
  4 wizards
  6 red wasps
  A spectral wolf spider (Crypt:2)
  A stone giant zombie (Zig:20)
  13 cyclopes
  60 ugly things
  29 deep elf conjurers
  28 phantasmal warriors
  19 mana vipers
  10 shining eyes
  2 frost giant zombies
  A cyclops (shapeshifter) (Zig:19)
  A manticore (shapeshifter) (Vaults:5)
  4 oklob plants (Zig:9)
  2 red wasps (shapeshifter)
  16 water nymphs
  23 manticores
  2 fire giant zombies
  An octopode (shapeshifter) (Vaults:1)
  A spectral ice dragon (Tomb:2)
  15 fauns
  A mermaid (shapeshifter) (D:14)
  A draconian (shapeshifter) (Elf:3)
  4 iron dragon skeletons
  26 sixfirhies
  6 worldbinders
  60 black mambas
  A centaur zombie (D:15)
  10 tormentors
  A stone giant skeleton (Vaults:5)
  10 mermaids
  A black mamba (shapeshifter) (Depths:1)
  A spriggan zombie (Zig:17)
  2 fire giant skeletons
  8 moths of wrath
  29 salamanders
  2 item mimics
  4 drowned souls
  12 guardian serpents
  24 vault sentinels
  5 eyes of devastation
  12 apocalypse crabs
  53 orange demons
  A dire elephant skeleton (Crypt:3)
  4 torpor snails
  A spiny frog (shapeshifter) (Zig:7)
  6 gargoyles
  A molten gargoyle (Hell)
  3 spriggan skeletons
  12 fire elementals
  2 death yak zombies (Depths:3)
  2 storm dragon simulacra
  77 yaktaurs
  32 naga magi
  63 smoke demons
  17 spiny frogs
  2 centaur skeletons
  3 kobold demonologists
  41 hellwings
  36 small abominations
  13 iron devils
  31 red devils
  4 efreet
  11 trolls
  163 guardian mummies
  7 silent spectres
  14 deep elf priests
  4 komodo dragons
  11 demonic crawlers
  21 blue devils
  2 golden dragon simulacra
  An elf (shapeshifter) (Vaults:1)
  6 jumping spiders
  14 fire drakes
  17 freezing wraiths
  A hydra zombie (Hell)
  2 polar bears (Vaults:4)
  46 merfolk
  20 ancient zymes
  17 raiju
  A queen bee (shapeshifter) (Vaults:3)
  9 wind drakes
  93 slime creatures
  A blink frog (shapeshifter) (Elf:1)
  4 giant leeches
  An ettin zombie (Crypt:1)
  20 snapping turtles
  A raiju (shapeshifter) (Zig:13)
  3 fire dragon zombies
  2 moth of wrath zombies (Zig:20)
  30 two-headed ogres
  An ugly thing zombie (Depths:3)
  3 ravens (Depths:5)
  2 deep troll zombies (Depths:3)
  10 fire vortices
  3 human simulacra
  2 sphinx simulacra (Zig:15)
  14 blink frogs
  4 bog bodies
  9 boulder beetles
  A harpy skeleton (Tomb:2)
  7 air elementals
  A boulder beetle (shapeshifter) (Elf:3)
  A frost giant simulacrum (Abyss:4)
  A trapdoor spider (shapeshifter) (Vaults:2)
  A spriggan (shapeshifter) (Zig:11)
  3 elf skeletons
  35 shadows
  A basilisk (shapeshifter) (Vaults:4)
  A catoblepas skeleton (Crypt:3)
  5 trapdoor spiders
  4 tarantellas
  21 vampires
  6 basilisks
  A yak (shapeshifter) (Vaults:1)
  A redback (shapeshifter) (Zig:19)
  3 fire dragon skeletons
  A tengu simulacrum (Zig:20)
  11 redbacks
  39 ynoxinuls
  65 flying skulls
  39 deep elf magi
  An ice dragon skeleton (Crypt:1)
  A dire elephant simulacrum (Tomb:1)
  4 ettin skeletons
  15 water elementals
  22 wraiths
  A shock serpent simulacrum (Abyss:4)
  52 deep elf fighters
  16 hippogriffs
  16 hungry ghosts
  A spriggan (D:10)
  A hog (shapeshifter) (Vaults:1)
  A hippogriff (shapeshifter) (Vaults:1)
  2 fire bats (Zig:10)
  33 neqoxecs
  2 hell beasts
  29 yaks
  16 golden eyes
  4 steam dragons
  6 wyverns
  14 wargs
  23 vampire mosquitoes
  A hill giant skeleton (Crypt:1)
  3 hill giant zombies
  A mottled dragon (shapeshifter) (D:15)
  Edmund (D:7)
  13 chaos spawn
  5 mottled dragons (Zig:15)
  65 nagas
  Menkaure (D:6)
  13 porcupines
  A soldier ant (shapeshifter) (Depths:1)
  8 human zombies
  A harpy simulacrum (Tomb:1)
  A spectral spiny frog (Tomb:3)
  A hydra simulacrum (Hell)
  11 spatial vortices (Abyss:4)
  22 wolves
  A putrid demonspawn zombie (Crypt:1)
  A spiny frog zombie (Crypt:1)
  4 sky beasts
  3 spiny frog skeletons (Hell)
  2 tengu skeletons
  2 torturous demonspawn skeletons (Crypt:1)
  15 hell hounds
  48 orc warriors
  23 ice beasts
  41 water moccasins
  A fire dragon simulacrum (Crypt:1)
  2 spiders (Zig:9)
  2 yellow wasps
  6 swamp drakes
  A black bear (D:11)
  9 necrophages
  54 starcursed masses
  76 ogres
  6 phantoms
  A manticore zombie (D:15)
  4 boggarts (Vaults:2)
  A manticore skeleton (D:14)
  2 boring beetles
  11 crocodiles
  A snapping turtle skeleton (Tomb:1)
  A boring beetle (shapeshifter) (Vaults:5)
  4 lost souls
  2 elf simulacra
  A spectral human (Tomb:2)
  36 centaurs
  4 yaktaur zombies
  5 big kobolds
  20 giant frogs
  2 gnoll sergeants (D:8)
  2 yaktaur skeletons
  A dryad skeleton (Crypt:2)
  2 insubstantial wisps (Zig:16)
  6 scorpions
  A raiju zombie (Zig:13)
  A warg zombie (Zig:20)
  16 eyes of draining
  An eye of draining (shapeshifter) (Vaults:1)
  3 vampire bats (Orc:3)
  6 electric eels
  22 wights
  5 crimson imps
  26 killer bees
  15 hounds
  41 orc priests
  4 elf zombies
  A goliath beetle (D:6)
  A black bear skeleton (D:6)
  A gnoll shaman (D:8)
  8 iguanas
  41 jellies
  9 quasits
  A giant frog skeleton (D:11)
  12 iron imps
  3 spriggan simulacra
  A basilisk skeleton (D:12)
  7 worker ants
  16 sheep
  44 orc wizards
  A lightning spire (Zig:21)
  8 orange rats
  A troll simulacrum (IceCv)
  A felid zombie (Crypt:2)
  Jessica (D:2)
  8 ogre zombies (D:11)
  4 centaur simulacra (IceCv)
  A crocodile skeleton (Crypt:2)
  A mottled dragon skeleton (Crypt:2)
  2 ogre skeletons
  110 mummies
  A worker ant zombie (D:9)
  A naga simulacrum (IceCv)
  23 adders
  2 ogre simulacra (IceCv)
  8 gnolls
  54 green rats
  A swamp drake zombie (Depths:2)
  5 orc skeletons
  A steam dragon skeleton (Crypt:2)
  9 shadow imps
  11 white imps
  A goliath beetle zombie (D:6)
  A giant mite (D:8)
  37 ufetubi
  8 worms
  An iguana skeleton (D:11)
  A lava snake skeleton (Crypt:2)
  3 giant eyeballs (Pan)
  3 oozes
  249 orcs
  20 bats
  2 bat zombies
  4 giant cockroaches
  37 goblins
  22 hobgoblins
  7 jackals
  38 kobolds
  4 ball pythons
  8 giant geckos
  5 giant newts
  3 giant spores
  5 goblin zombies (D:11)
  A hobgoblin skeleton (Crypt:1)
  3 hobgoblin zombies (D:11)
  A kobold zombie (D:7)
  4 lurking horrors
  26 orc zombies
  17 quokkas
  A quokka skeleton (D:5)
  15 rats
  2 rat zombies
  3 spectral orcs (Orc:3)
  25 ballistomycetes
  12 briar patches
  11 crawling corpses
  4 fungi
  A grand avatar (Pan)
  15 plants
  5 starspawn tentacles
  4 starspawn tentacle segments
  6 tentacles
5524 creatures vanquished.

Vanquished Creatures (collateral kills)
  An ancient lich (Zig:24)
  5 greater mummies
  A golden dragon (Zig:19)
  A tentacled monstrosity (Depths:3)
  A quicksilver dragon (Zig:22)
  A deep elf master archer (Pan)
  2 acid blobs
  A tentacled starspawn (Zig:22)
  A tengu reaver (Vaults:4)
  An Executioner (Pan)
  A warmonger (Pan)
  An ancient champion (Zig:24)
  A revenant (Zig:14)
  A greater naga (Zig:12)
  An orc warlord (Zig:20)
  A shambling mangrove (Abyss:4)
  A frost giant (Zig:10)
  A balrug (Pan)
  7 reapers
  A very ugly thing (Abyss:1)
  A draconian shifter (Depths:2)
  2 stone giants
  A war gargoyle (Hell)
  A deep elf demonologist (Vaults:5)
  2 corrupters (Pan)
  A vampire knight (Zig:24)
  A blizzard demon (Pan)
  An eidolon (Zig:24)
  A death ooze (Slime:6)
  A mummy priest (Zig:11)
  An ironheart preserver (Vaults:3)
  2 vault guards (Vaults:5)
  2 merfolk impalers
  A jiangshi (Crypt:1)
  2 rakshasas (Abyss:4)
  A monstrous demonspawn (Pan)
  2 anacondas
  2 ogre magi (Vaults:4)
  A siren (Zig:16)
  2 alligators (Zig:8)
  A merfolk aquamancer (Shoals:5)
  A death yak (Depths:3)
  A vampire mage (Zig:24)
  A thrashing horror (Zig:22)
  A deep troll (Vaults:2)
  3 soul eaters
  A titan skeleton (Crypt:3)
  2 wretched stars
  A salamander mystic (Snake:5)
  A skeletal warrior (Hell)
  2 hell knights (Vaults:3)
  2 storm dragon skeletons
  A swamp dragon (Zig:16)
  A shadow demon (Pan)
  An infernal demonspawn (Pan)
  A naga ritualist (Snake:2)
  5 large abominations
  A flayed ghost (Tomb:2)
  A tengu zombie (Zig:14)
  A torturous demonspawn (Pan)
  A shadow dragon zombie (Zig:18)
  A sphinx zombie (Zig:19)
  A putrid demonspawn (Pan)
  An air elemental (Zig:17)
  A mana viper (Snake:5)
  A manticore (Shoals:5)
  A manticore (shapeshifter) (Depths:3)
  2 slime creatures (Vaults:2)
  A cyclops (Shoals:1)
  2 red wasps
  2 water nymphs
  A salamander (Snake:5)
  3 sixfirhies
  3 griffons
  A black mamba (Snake:2)
  A worldbinder (Zig:22)
  A moth of wrath (Zig:4)
  A vault sentinel (Zig:3)
  3 mermaids
  2 naga magi (Snake:5)
  3 smoke demons
  An iron devil (Zig:17)
  A tormentor (Zig:17)
  A demonic crawler (Zig:22)
  4 orange demons
  A spriggan skeleton (Zig:17)
  A yaktaur zombie (Zig:19)
  A hellwing (Tomb:1)
  2 freezing wraiths
  A yaktaur (Vaults:5)
  A guardian mummy (Tomb:3)
  A silent spectre (Zig:24)
  2 red devils (Pan)
  2 merfolk (Shoals:5)
  3 raiju
  4 blue devils
  A fire vortex (Pan)
  A wolf spider simulacrum (Abyss:4)
  A boulder beetle (Zig:7)
  A two-headed ogre (Vaults:4)
  2 snapping turtles (Shoals:5)
  3 flying skulls
  A water elemental (Abyss:4)
  2 shadows (Zig:24)
  2 ynoxinuls (Pan)
  3 wraiths
  A neqoxec (Pan)
  A steam dragon (Zig:15)
  5 small abominations
  5 ogres
  A necrophage (Zig:15)
  An alligator simulacrum (Hell)
  2 centaurs (Vaults:4)
  A lost soul (Vaults:4)
  A glowing shapeshifter simulacrum (Zig:17)
  2 wights
  An orc priest (Orc:4)
  12 starcursed masses
  2 jellies (Zig:18)
  2 orc wizards
  2 orange rats
  2 sheep (Shoals:1)
  16 mummies
  4 ufetubi
  15 orcs
  2 goblins (Zig:20)
  A hobgoblin (Zig:20)
  A kobold (Abyss:4)
  A goblin zombie (Zig:20)
  6 orc zombies (Zig:20)
  9 crawling corpses (Zig:21)
260 creatures vanquished.

Vanquished Creatures (others)
  2 eldritch tentacles (Pan)
  A revenant (Hell)
  A fire giant (Zig:8)
  A blood saint (Pan)
  2 reapers
  A lorocyproca (Pan)
  A naga warrior (Snake:5)
  2 large abominations
  A salamander mystic (Snake:5)
  An anaconda zombie (Tomb:2)
  An iron troll (Zig:20)
  A mana viper (Snake:5)
  An orb spider (Pan)
  A wizard (Zig:13)
  An elf zombie (Zig:17)
  18 air elementals
  2 smoke demons
  2 hellwings (Pan)
  A deep elf priest (Elf:3)
  769 fire vortices
  57 fire elementals
  4 jumping spiders
  2 flying skulls (Tomb:2)
  13 redbacks
  A wraith (D:14)
  3 tarantellas (Pan)
  13 trapdoor spiders
  3 hell beasts (Abyss:4)
  2 neqoxecs
  A small abomination (Abyss:4)
  3 spiders
  5 lost souls
  A spectral orc (Orc:3)
  A mummy (Tomb:2)
  3 green rats (Lair:1)
  3 ufetubi (Zig:22)
  2 orcs
  A quokka (Lair:1)
  A giant spore (D:14)
  A crawling corpse (Vaults:4)
  135 eldritch tentacle segments (Pan)
  3 fungi
  A plant (Shoals:4)
  19 starspawn tentacles
  137 starspawn tentacle segments
  13 tentacles
  170 tentacle segments
1408 creatures vanquished.

Grand Total: 7192 creatures vanquished

Notes
Turn   | Place    | Note
--------------------------------------------------------------
     0 | D:1      | bullock, the Gargoyle Wizard, began the quest for the Orb.
     0 | D:1      | Reached XP level 1. HP: 10/10 MP: 4/4
   171 | D:1      | Reached XP level 2. HP: 15/15 MP: 4/6
   380 | D:1      | Learned a level 2 spell: Blink
   383 | D:1      | Learned a level 2 spell: Repel Missiles
   876 | D:2      | Noticed Jessica
   904 | D:2      | Killed Jessica
   904 | D:2      | Reached XP level 3. HP: 19/19 MP: 0/8
   974 | D:2      | Learned a level 3 spell: Conjure Flame
  1352 | D:2      | Found a radiant altar of Vehumet.
  1392 | D:2      | Reached XP level 4. HP: 8/24 MP: 0/10
  1622 | D:2      | Became a worshipper of Vehumet
  2093 | D:2      | Reached skill level 4 in Conjurations
  2239 | D:2      | Found a deep blue altar of Sif Muna.
  3120 | D:4      | Acquired Vehumet's first power
  3120 | D:4      | Offered knowledge of Sting by Vehumet.
  3248 | D:4      | Reached XP level 5. HP: 28/28 MP: 6/12
  3253 | D:4      | Learned a level 3 spell: Mephitic Cloud
  3467 | D:4      | Found a shattered altar of Ashenzari.
  3471 | D:4      | Got a tattered robe
  3773 | D:5      | Entered Level 5 of the Dungeon
  3786 | D:5      | Noticed an ice beast
  3793 | D:5      | Killed an ice beast
  3793 | D:5      | Reached skill level 5 in Conjurations
  3793 | D:5      | Reached XP level 6. HP: 32/32 MP: 5/15
  4128 | D:5      | Noticed a centaur
  4135 | D:5      | Killed a centaur
  4135 | D:5      | Reached skill level 6 in Conjurations
  4428 | D:5      | Noticed a phantom
  4441 | D:5      | Killed a phantom
  4441 | D:5      | Reached XP level 7. HP: 29/36 MP: 3/18
  4863 | D:5      | Got a jewelled falchion
  4935 | D:5      | Identified the +5 falchion "Niczoraf" {speed, Stlth---} (You found it on level 5 of the Dungeon)
  5001 | D:5      | Reached skill level 7 in Conjurations
  5219 | D:5      | Reached skill level 5 in Spellcasting
  5674 | D:6      | Reached XP level 8. HP: 36/41 MP: 15/20
  5680 | D:6      | Reached skill level 8 in Conjurations
  5973 | D:6      | Reached skill level 1 in Translocations
  6008 | D:6      | Reached skill level 1 in Fighting
  6231 | D:6      | Found a bloodstained altar of Trog.
  6250 | D:6      | Noticed Menkaure
  6260 | D:6      | Killed Menkaure
  7012 | D:6      | Offered knowledge of Throw Flame by Vehumet.
  7012 | D:6      | Reached XP level 9. HP: 43/50 MP: 18/22
  7134 | D:6      | Found a staircase to the Ecumenical Temple.
  7141 | Temple   | Entered the Ecumenical Temple
  7666 | D:7      | Noticed Edmund
  7676 | D:7      | Killed Edmund
  7932 | D:7      | Reached skill level 9 in Conjurations
  8234 | D:7      | Found Klapp's Magic Scroll Shoppe.
  8239 | D:7      | Bought a scroll of amnesia for 35 gold pieces
  8239 | D:7      | Bought a scroll of identify for 20 gold pieces
  8239 | D:7      | Bought a scroll of teleportation for 30 gold pieces
  8239 | D:7      | Bought a scroll of remove curse for 30 gold pieces
  8239 | D:7      | Bought a scroll of magic mapping for 35 gold pieces
  8240 | D:7      | Identified the cursed -4 robe of the Desert {rElec rF+ MR++} (You found it on level 4 of the Dungeon)
  8428 | D:8      | Found a flagged portal.
  8442 | Bailey   | Entered a bailey
  8606 | Bailey   | Offered knowledge of Dazzling Spray by Vehumet.
  8749 | Bailey   | Noticed an orc knight
  8750 | Bailey   | Noticed an orc knight
  8750 | Bailey   | Noticed an orc knight
  8775 | Bailey   | Killed an orc knight
  8775 | Bailey   | Reached skill level 5 in Translocations
  8776 | Bailey   | Killed an orc knight
  8778 | Bailey   | Killed an orc knight
  8778 | Bailey   | Reached skill level 5 in Fighting
  8778 | Bailey   | Reached XP level 10. HP: 56/59 MP: 11/25
  8891 | Bailey   | Got a bloodstained cloak
  8894 | Bailey   | Got a twisted fire dragon armour
  8906 | Bailey   | Identified the +0 cloak of the Exiled Beds {+Blink} (You found it in a bailey)
  9107 | D:8      | Found a shimmering altar of Xom.
  9108 | D:8      | Found a shimmering altar of Xom.
  9109 | D:8      | Found a shimmering altar of Xom.
  9109 | D:8      | Found a shimmering altar of Xom.
  9111 | D:8      | Found a shimmering altar of Xom.
  9111 | D:8      | Found a shimmering altar of Xom.
  9111 | D:8      | Found a shimmering altar of Xom.
  9616 | D:8      | Noticed gabygaby's ghost (experienced HODK)
  9625 | D:8      | Killed gabygaby's ghost
  9625 | D:8      | Reached skill level 10 in Conjurations
  9807 | D:8      | Acquired Vehumet's second power
  9921 | D:8      | Offered knowledge of Throw Icicle by Vehumet.
 10293 | D:8      | Got a pair of slimy boots
 10299 | D:8      | Identified the cursed -4 pair of boots of the Alphagorgon {rPois rC+} (You found it on level 8 of the Dungeon)
 10309 | D:8      | Identified the +3 fire dragon armour "Bubihoa" {+Blink rF++ rC- Dex-3 Int+2} (You found it in a bailey)
 10315 | D:8      | Learned a level 4 spell: Throw Icicle
 10651 | D:9      | Noticed a hill giant
 10658 | D:9      | Killed a hill giant
 10801 | D:9      | Found a staircase to the Lair.
 10816 | D:9      | Found an iron altar of Okawaru.
 10897 | D:9      | Reached XP level 11. HP: 44/66 MP: 15/27
 11417 | D:9      | Acquired Vehumet's third power
 11505 | Lair:1   | Entered Level 1 of the Lair of Beasts
 11701 | Lair:1   | Identified Lee's Compendium of the Mountains
 11881 | Lair:1   | Offered knowledge of Sticky Flame by Vehumet.
 11915 | Lair:1   | Noticed bullock's ghost (powerful GrWz)
 13083 | Lair:2   | Found a frozen archway.
 13178 | Lair:2   | Reached skill level 11 in Conjurations
 13276 | Lair:2   | Learned a level 4 spell: Sticky Flame
 13335 | IceCv    | Entered an ice cave
 13579 | IceCv    | Noticed an ice statue
 13579 | IceCv    | Noticed an ice statue
 13646 | IceCv    | Killed an ice statue
 13834 | IceCv    | Killed an ice statue
 13981 | IceCv    | Noticed an ice statue
 14387 | IceCv    | Killed an ice statue
 14457 | IceCv    | Noticed a necromancer
 14464 | IceCv    | Killed a necromancer
 14728 | Lair:2   | Noticed trelanon's ghost (powerful GrFi)
 15212 | Lair:2   | Reached XP level 12. HP: 74/74 MP: 10/29
 15596 | Lair:2   | Got a steaming robe
 15597 | Lair:2   | Identified the +2 robe "Qavoptoi" {Str+2 Dex+2} (You found it on level 2 of the Lair of Beasts)
 15618 | Lair:2   | Reached skill level 10 in Translocations
 15879 | Lair:2   | Reached skill level 1 in Evocations
 16009 | Lair:2   | Killed trelanon's ghost
 16307 | Lair:2   | Noticed an eight-headed hydra
 16324 | Lair:2   | Killed an eight-headed hydra
 16677 | Lair:2   | Learned a level 5 spell: Bolt of Magma
 16772 | Lair:2   | Learned a level 5 spell: Lee's Rapid Deconstruction
 16825 | Lair:3   | Found a staircase to the Shoals.
 17152 | Lair:3   | Reached skill level 1 in Fire Magic
 17152 | Lair:3   | Reached skill level 1 in Earth Magic
 17569 | Lair:3   | Reached skill level 12 in Conjurations
 17780 | Lair:3   | Noticed a four-headed hydra
 17783 | Lair:3   | Killed a four-headed hydra
 17879 | Lair:3   | Offered knowledge of Iron Shot by Vehumet.
 18496 | Lair:4   | Found a staircase to the Snake Pit.
 18744 | Lair:4   | Noticed a four-headed hydra
 18750 | Lair:4   | Killed a four-headed hydra
 18750 | Lair:4   | Reached XP level 13. HP: 80/80 MP: 26/30
 18898 | Lair:2   | Learned a level 6 spell: Iron Shot
 18962 | Lair:4   | Reached skill level 5 in Earth Magic
 20067 | Lair:5   | Got a fine scythe
 21215 | Lair:6   | Found a shadowy altar of Dithmenos.
 21881 | Lair:7   | Found a viscous altar of Jiyva.
 21882 | Lair:7   | Found a staircase to the Slime Pits.
 21965 | Lair:7   | Reached skill level 10 in Earth Magic
 22518 | Lair:7   | Offered knowledge of Delayed Fireball by Vehumet.
 23332 | Lair:8   | Entered Level 8 of the Lair of Beasts
 23341 | Lair:8   | Identified the +2 scythe of Triumph {venom, rPois rF+} (You found it on level 5 of the Lair of Beasts)
 23952 | Lair:8   | Reached skill level 1 in Shields
 23956 | Lair:8   | Gained mutation: Your wings are large and strong. [gargoyle growth]
 23956 | Lair:8   | Reached XP level 14. HP: 86/86 MP: 25/31
 24062 | Lair:8   | Reached skill level 13 in Earth Magic
 25346 | D:10     | Entered Level 10 of the Dungeon
 25617 | D:10     | Reached skill level 14 in Earth Magic
 27173 | D:11     | Noticed Erica
 27180 | D:11     | Killed Erica
 27253 | D:11     | Offered knowledge of Spellforged Servitor by Vehumet.
 27353 | D:11     | Gained mutation: You are weak. (Str -2) [mutagenic meat]
 27354 | D:11     | Gained mutation: You are frail (-10% HP). [mutagenic meat]
 27783 | D:11     | Reached skill level 15 in Earth Magic
 27979 | D:11     | Found an iron altar of Okawaru.
 28422 | D:11     | Found a staircase to the Orcish Mines.
 28832 | D:11     | Found Awnuc's Assorted Antiques.
 28834 | D:11     | Offered knowledge of Poison Arrow by Vehumet.
 28842 | D:11     | Bought a murky silvery potion for 22 gold pieces
 28842 | D:11     | Bought a scroll labeled SHREGH MOTERGHI for 25 gold pieces
 28842 | D:11     | Bought a scroll labeled SHREGH MOTERGHI for 25 gold pieces
 28842 | D:11     | Bought a steaming mace for 200 gold pieces
 28842 | D:11     | Bought a smoky white potion for 22 gold pieces
 28842 | D:11     | Bought a smoky white potion for 22 gold pieces
 28845 | D:11     | Identified the +10 mace of Compulsion {speed, *Tele +Blink +Fly rC++ Stlth--} (You bought it in a shop on level 11 of the Dungeon)
 29073 | D:12     | Got a steaming scale mail
 29109 | D:12     | Identified the cursed +3 scale mail of Responsibility {Dex+2} (You found it on level 12 of the Dungeon)
 30040 | D:12     | Reached skill level 5 in Fire Magic
 30091 | D:12     | Reached skill level 10 in Fighting
 30295 | D:12     | Found Sidociuz's Assorted Antiques.
 30298 | D:12     | Bought a scroll labeled JIYREZ FUUDOX for 25 gold pieces
 30298 | D:12     | Bought a runed emerald amulet for 125 gold pieces
 30298 | D:12     | Bought a sedimented inky potion for 22 gold pieces
 30300 | D:12     | Identified a +1 rod of shadows (14/14) (You found it on level 12 of the Dungeon)
 30804 | D:13     | Noticed a sphinx
 30814 | D:13     | Paralysed by a sphinx for 3 turns
 30821 | D:13     | Killed a sphinx
 30821 | D:13     | Reached skill level 10 in Spellcasting
 30821 | D:13     | Reached skill level 5 in Evocations
 30821 | D:13     | Reached XP level 15. HP: 79/82 MP: 22/32
 30921 | D:14     | Found an ancient bone altar of Kikubaaqudgha.
 31552 | D:14     | Found a gate to the Vaults.
 31686 | D:14     | Gained mutation: You are very frail (-20% HP). [mutagenic meat]
 31687 | D:14     | Lost mutation: You are very frail (-20% HP). [mutagenic meat]
 31688 | D:14     | Gained mutation: Your flesh is cold resistant. [mutagenic meat]
 31689 | D:14     | Gained mutation: You are resistant to hostile enchantments. [mutagenic meat]
 31691 | D:14     | Gained mutation: You are partially covered in molten scales (AC +1). [mutagenic meat]
 31692 | D:14     | Lost mutation: You are weak. (Str -2) [mutagenic meat]
 31918 | D:14     | Noticed Harold
 31920 | D:14     | Killed Harold
 32510 | D:15     | Entered Level 15 of the Dungeon
 33029 | D:15     | Paralysed by a wizard for 7 turns
 33063 | D:15     | Noticed a fire giant
 33070 | D:15     | Killed a fire giant
 33146 | D:15     | Gained mutation: You are weak. (Str -2) [mutagenic meat]
 33148 | D:15     | Gained mutation: You can spit poison. [mutagenic meat]
 33243 | D:15     | Found a staircase to the Depths.
 34043 | Orc:1    | Entered Level 1 of the Orcish Mines
 35202 | Orc:3    | Found a staircase to the Elven Halls.
 35500 | Orc:3    | Offered knowledge of Conjure Ball Lightning by Vehumet.
 36013 | Orc:3    | Noticed Urug
 36020 | Orc:3    | Killed Urug
 36115 | Orc:3    | Noticed Nergalle
 36125 | Orc:3    | Killed Nergalle
 36431 | Orc:4    | Entered Level 4 of the Orcish Mines
 37475 | Orc:4    | Found Cloirr's Jewellery Boutique.
 37475 | Orc:4    | Found Foxerag's Antique Armour Boutique.
 37475 | Orc:4    | Found Worgh's General Store.
 37731 | Orc:4    | Found Shezify's Antique Weapon Shop.
 37953 | Orc:4    | Bought a shimmering quarterstaff for 207 gold pieces
 37953 | Orc:4    | Bought a slimy eveningstar for 460 gold pieces
 37954 | Orc:4    | Identified the cursed +3 eveningstar of Corporal Punishment {venom, rPois} (You bought it in a shop on level 4 of the Orcish Mines)
 37962 | Orc:4    | Identified the cursed -1 quarterstaff "Muamoeb" {elec, -Tele rElec} (You bought it in a shop on level 4 of the Orcish Mines)
 38390 | Snake:1  | Entered Level 1 of the Snake Pit
 38486 | Snake:1  | Noticed Rupert
 38492 | Snake:1  | Killed Rupert
 38492 | Snake:1  | Reached XP level 16. HP: 90/90 MP: 22/34
 38629 | Snake:1  | Offered knowledge of Bolt of Cold by Vehumet.
 42075 | Snake:3  | Noticed Vashnia
 42084 | Snake:3  | Offered knowledge of Ozocubu's Refrigeration by Vehumet.
 42274 | Snake:3  | Killed Vashnia
 42714 | Snake:3  | Noticed Frances
 42720 | Snake:3  | Killed Frances
 43575 | Snake:4  | Reached XP level 17. HP: 97/97 MP: 18/35
 43605 | Snake:4  | Noticed Wiglaf
 43609 | Snake:4  | Killed Wiglaf
 43718 | Snake:4  | Found Uweolaco's Gadget Shoppe.
 45005 | Snake:4  | Learned a level 6 spell: Haste
 45525 | Snake:5  | Entered Level 5 of the Snake Pit
 46213 | Snake:5  | Got a slimy helmet
 46224 | Snake:5  | Identified the +1 helmet of Yjodyr {rF+ MR+} (You found it on level 5 of the Snake Pit)
 46498 | Snake:5  | Reached skill level 10 in Fire Magic
 46956 | Snake:5  | Reached skill level 10 in Evocations
 46958 | Snake:5  | Reached skill level 15 in Conjurations
 48005 | Snake:5  | Offered knowledge of Fire Storm by Vehumet.
 48005 | Snake:5  | Offered knowledge of Glaciate by Vehumet.
 48005 | Snake:5  | Offered knowledge of Shatter by Vehumet.
 48249 | Snake:5  | Reached XP level 18. HP: 84/103 MP: 16/37
 49211 | Snake:5  | Reached skill level 1 in Charms
 49614 | Snake:5  | Got a serpentine rune of Zot
 50773 | Lair:2   | Learned a level 7 spell: Delayed Fireball
 50780 | Lair:2   | Learned a level 5 spell: Fireball
 50965 | Elf:1    | Entered Level 1 of the Elven Halls
 50965 | Elf:1    | Found an iron altar of Okawaru.
 51340 | Elf:1    | Found Xozetuf's Gadget Shop.
 51743 | Elf:1    | Found Stujusmi's Assorted Antiques.
 52115 | Elf:1    | Found Okozou Xootu's Antique Armour Shop.
 52118 | Elf:1    | Bought an ominously black robe for 171 gold pieces
 52119 | Elf:1    | Identified the +2 robe "Otzoi" {+Fly MR+ Dex+2 SInv} (You bought it in a shop on level 1 of the Elven Halls)
 52396 | Elf:2    | Found a bloodstained altar of Trog.
 52500 | Elf:2    | Noticed Roxanne
 52507 | Elf:2    | Killed Roxanne
 53319 | Elf:3    | Entered Level 3 of the Elven Halls
 53374 | Elf:3    | Reached XP level 19. HP: 108/108 MP: 16/38
 53378 | Elf:3    | Found a flickering gateway to a bazaar.
 53386 | Bazaar   | Entered a bazaar
 53386 | Bazaar   | Found Clypreow's Antique Weapon Shop.
 53393 | Bazaar   | Bought a brightly glowing trident for 195 gold pieces
 53410 | Bazaar   | Found Thoulyt's General Store.
 53419 | Bazaar   | Bought a scroll of blinking for 75 gold pieces
 53419 | Bazaar   | Bought a scroll of identify for 20 gold pieces
 53419 | Bazaar   | Bought a scroll of identify for 20 gold pieces
 53432 | Bazaar   | Found Nialiolir's Antique Armour Shop.
 53441 | Bazaar   | Bought a jewelled ring mail for 117 gold pieces
 53462 | Bazaar   | Bought an uncursed amulet of resist mutation for 400 gold pieces
 53463 | Bazaar   | Bought a scroll of immolation for 35 gold pieces
 53466 | Bazaar   | Identified the cursed -2 trident "Ghubb" {venom, +Rage rF- rN+} (You bought it in a shop in a bazaar)
 53477 | Bazaar   | Identified the cursed +4 ring mail of an ice cave {Int+2} (You bought it in a shop in a bazaar)
 53575 | Elf:3    | Noticed Aizul
 53581 | Elf:3    | Killed Aizul
 53902 | Elf:3    | Reached skill level 5 in Charms
 53913 | Elf:3    | Reached skill level 16 in Conjurations
 54648 | Elf:3    | Got a slimy chain mail
 54681 | Elf:3    | Identified a +4 rod of destruction (9/9) (You took it off a deep elf fighter on level 3 of the Elven Halls)
 54692 | Elf:3    | Gained mutation: Potions and wands are less effective at restoring your health. [potion of mutation]
 54692 | Elf:3    | Lost mutation: You are resistant to hostile enchantments. [potion of mutation]
 54737 | Elf:3    | Identified the -7 chain mail "Vischot" {Str-4} (You found it on level 3 of the Elven Halls)
 54779 | Elf:3    | Got a scintillating lapis lazuli ring
 54799 | Elf:3    | Got a pitted copper ring
 54820 | Elf:3    | Got an iridescent halberd
 54833 | Elf:3    | Identified the ring of Daffodils {Ice +Blink +Rage Str+4 Int+1} (You took it off a deep elf death mage on level 3 of the Elven Halls)
 54835 | Elf:3    | Identified the ring of Siuriaw {rElec rPois rC+ MR+} (You took it off a deep elf mage on level 3 of the Elven Halls)
 54846 | Elf:3    | Identified the cursed +0 halberd "Embalmer" {venom, +Inv +Fly rElec MR+ Stlth+} (You took it off a deep elf mage on level 3 of the Elven Halls)
 54883 | Elf:3    | Identified a +1 pair of boots of running (You found it on level 3 of the Elven Halls)
 54935 | Elf:3    | Lost mutation: You are frail (-10% HP). [potion of mutation]
 54935 | Elf:3    | Lost mutation: You are weak. (Str -2) [potion of mutation]
 54935 | Elf:3    | Lost mutation: Potions and wands are less effective at restoring your health. [potion of mutation]
 55564 | Elf:3    | Reached XP level 20. HP: 128/128 MP: 38/38
 55645 | Elf:3    | Got a steaming morningstar
 55646 | Elf:3    | Identified the cursed +2 morningstar of the Queen {crush, rPois} (You took it off a deep elf death mage on level 3 of the Elven Halls)
 55985 | Lair:1   | Killed bullock's ghost
 56038 | Shoals:1 | Entered Level 1 of the Shoals
 57689 | Shoals:2 | Noticed Louise
 57706 | Shoals:2 | Killed Louise
 58100 | Shoals:2 | Reached skill level 15 in Fighting
 58515 | Shoals:2 | Got a shimmering ivory ring
 58519 | Shoals:2 | Identified the cursed ring "Smemih" {Dex+3 Int+3 SInv} (You found it on level 2 of the Shoals)
 58604 | Shoals:2 | Got an encrusted ring mail
 59034 | Shoals:3 | Noticed Polyphemus
 59036 | Shoals:3 | Reached XP level 21. HP: 134/134 MP: 19/39
 59042 | Shoals:3 | Killed Polyphemus
 60949 | Shoals:4 | Found Wyc Toam's Book Shop.
 61484 | Shoals:5 | Entered Level 5 of the Shoals
 62398 | Shoals:5 | Got a barnacled rune of Zot
 62498 | Shoals:5 | Noticed Snorg
 62502 | Shoals:5 | Noticed Ilsuiw
 62506 | Shoals:5 | Killed Snorg
 62510 | Shoals:5 | Killed Ilsuiw
 62971 | Shoals:5 | Got a transparent ring mail
 64071 | Lair:2   | Identified the +2 ring mail of Leepnyf {+Inv rF+ rN+ MR+} (You found it on level 2 of the Shoals)
 64081 | Lair:2   | Identified the +1 ring mail of the Echidna {Str+4 Dex-1} (You found it on level 5 of the Shoals)
 64108 | Lair:2   | Identified 2 scrolls of acquirement
 64159 | Lair:2   | Got an ichor-stained cloak
 64170 | Lair:2   | Identified the +1 cloak "Xamag" {Dex+3 Int-2} (You acquired it on level 2 of the Lair of Beasts)
 64421 | Vaults:1 | Entered Level 1 of the Vaults
 64534 | Vaults:1 | Found an iron altar of Okawaru.
 64759 | Vaults:1 | Reached skill level 17 in Conjurations
 65833 | Vaults:1 | Reached skill level 10 in Charms
 66392 | Vaults:1 | Learned a level 4 spell: Control Teleport
 66983 | Vaults:1 | Reached XP level 22. HP: 141/141 MP: 29/40
 67687 | Vaults:2 | Found Kankanicw's Gadget Shoppe.
 67702 | Vaults:2 | Noticed Xtahua
 67707 | Vaults:2 | Killed Xtahua
 69782 | Vaults:3 | Got a pair of bloodstained gloves
 69793 | Vaults:3 | Identified the +5 pair of gloves of the Eleven Souls {rF+} (You acquired it on level 3 of the Vaults)
 69886 | Vaults:3 | Noticed Mennas
 70605 | Vaults:3 | Found Ecaevawi's Antique Weapon Shop.
 72023 | Vaults:3 | Found a staircase to the Crypt.
 72023 | Vaults:3 | Found a basalt altar of Yredelemnul.
 72024 | Vaults:3 | Found an ancient bone altar of Kikubaaqudgha.
 72092 | Vaults:3 | Killed Mennas
 73687 | Vaults:4 | Reached XP level 23. HP: 146/148 MP: 8/41
 75418 | Vaults:4 | Found Konahonn's General Store.
 75505 | Vaults:4 | Reached skill level 18 in Conjurations
 75700 | Vaults:4 | Reached skill level 15 in Spellcasting
 76599 | Vaults:5 | Entered Level 5 of the Vaults
 76644 | Vaults:5 | Lost mutation: You can spit poison. [mutagenic glow]
 77161 | Vaults:5 | Got a scintillating iron ring
 77376 | Vaults:5 | Got a distressingly furry leather armour
 77416 | Vaults:5 | Got a crude quarterstaff
 77416 | Vaults:5 | Got a pitted shortbow
 77486 | Vaults:5 | Reached XP level 24. HP: 156/156 MP: 27/42
 77599 | Vaults:5 | Identified the ring "Luic" {MR+ Dex+2 Int+3} (You took it off a yaktaur captain on level 5 of the Vaults)
 77616 | Vaults:5 | Identified the cursed -5 leather armour of Impatience {Str+1 Dex+2} (You took it off a deep elf demonologist on level 5 of the Vaults)
 77621 | Vaults:5 | Identified the +10 shortbow "Faeh" {flame, +Fly rPois Stlth-} (You took it off a vault guard on level 5 of the Vaults)
 77622 | Vaults:5 | Identified the cursed +2 quarterstaff of the Philosopher {speed, +Inv MR+ Int+1 Stlth+} (You took it off a vault guard on level 5 of the Vaults)
 77664 | Vaults:5 | Reached skill level 15 in Fire Magic
 79242 | Vaults:5 | Got an ichor-stained short sword
 79247 | Vaults:5 | Identified the cursed +1 short sword "Shyuss" {slice, Int+1} (You found it on level 5 of the Vaults)
 80096 | Vaults:5 | Got a jewelled leather armour
 80107 | Vaults:5 | Identified the +0 leather armour of Asaome {Stlth+} (You found it on level 5 of the Vaults)
 80431 | Vaults:5 | Got a jewelled helmet
 80447 | Vaults:5 | Identified the +2 helmet "Wyfrepp" {Str+5 Dex+3} (You found it on level 5 of the Vaults)
 80476 | Vaults:5 | Reached skill level 15 in Evocations
 80563 | Vaults:5 | Reached skill level 19 in Conjurations
 80824 | Vaults:5 | Got a silver rune of Zot
 81451 | Vaults:5 | Got a pair of brightly glowing boots
 81462 | Vaults:5 | Identified the cursed +2 pair of boots "Two Cric" {+Inv} (You found it on level 5 of the Vaults)
 81466 | Vaults:5 | Got a steaming hand axe
 81467 | Vaults:5 | Identified the +3 hand axe of Ghaxuidi {chop, MR++} (You found it on level 5 of the Vaults)
 81775 | Vaults:5 | Got a pitted fire dragon armour
 81821 | Vaults:5 | Identified the +1 fire dragon armour of the Gate {rF++ rC- Dex+4} (You found it on level 5 of the Vaults)
 82486 | Depths:1 | Entered Level 1 of the Depths
 82793 | Lair:2   | Learned a level 8 spell: Lehudib's Crystal Spear
 83296 | Depths:1 | Got a blackened cloak
 83906 | Depths:1 | Reached XP level 25. HP: 136/163 MP: 7/43
 84552 | Depths:1 | Found a gateway to Hell.
 85879 | Depths:2 | Identified the +2 cloak of Valiance {rC+ rN+ Stlth+} (You found it on level 1 of the Depths)
 86223 | Depths:2 | Identified the Volume of the Lucky Birds
 88572 | Depths:3 | Gained mutation: Your flesh is very cold resistant. [mutagenic meat]
 88573 | Depths:3 | Gained mutation: You have supernaturally acute eyesight. [mutagenic meat]
 89637 | Depths:3 | Found a one-way gate to the infinite horrors of the Abyss.
 89682 | Depths:3 | Reached XP level 26. HP: 170/170 MP: 16/44
 90465 | Depths:3 | Found a one-way gate leading to the halls of Pandemonium.
 90550 | Depths:4 | Found a magical portal.
 90555 | WizLab   | Entered The Hall of Thaamp the Hellbinder
 91002 | WizLab   | Reached skill level 20 in Conjurations
 91419 | WizLab   | Found a burning altar of Makhleb.
 91504 | WizLab   | Identified the Handbook of Fetching Creation
 91512 | WizLab   | Identified the Catalogue of Ashen Arcane Weapons
 91544 | WizLab   | Identified the Collected Works on Fetching Creation
 91953 | Depths:4 | Got a sparkling iron amulet
 91955 | Depths:4 | Identified the amulet "Nisocown" {Spirit MR+} (You found it on level 4 of the Depths)
 92143 | Depths:4 | Found Phec's Magic Scroll Emporium.
 93375 | Depths:4 | Found a shimmering altar of Xom.
 94623 | Depths:5 | Entered Level 5 of the Depths
 94630 | Depths:5 | Found a gateway to a ziggurat.
 94875 | Depths:5 | Found a gate to the Realm of Zot.
 95688 | Depths:5 | Learned a level 9 spell: Fire Storm
 97071 | Lair:2   | Gained mutation: You evolve. [potion of beneficial mutation]
 97229 | Slime:1  | Entered Level 1 of the Pits of Slime
 97420 | Lair:2   | Learned a level 7 spell: Ring of Flames
 98144 | Slime:3  | Lost mutation: Your flesh is very cold resistant. [evolution]
 98187 | Slime:4  | Reached XP level 27. HP: 170/177 MP: 24/45
 98729 | Slime:6  | Entered Level 6 of the Pits of Slime
 99015 | Slime:6  | Noticed the royal jelly
 99324 | Slime:6  | Found a viscous altar of Jiyva.
 99832 | Slime:6  | Killed the royal jelly
100017 | Slime:6  | Got a polished bastard sword
100065 | Slime:6  | Got a smoking wooden ring
100104 | Slime:6  | Got a smelly troll leather armour
100149 | Slime:6  | Got a slimy rune of Zot
100159 | Slime:6  | Got a sparkling lapis lazuli ring
100433 | Lair:2   | Identified the +2 troll leather armour of the Crown {Str+1 SInv} (You found it on level 6 of the Pits of Slime)
100446 | Lair:2   | Identified the ring of Contentment {rF+ rC+} (You found it on level 6 of the Pits of Slime)
100448 | Lair:2   | Identified the ring "Twot" {Fire rN+ SInv} (You found it on level 6 of the Pits of Slime)
100864 | Crypt:1  | Entered Level 1 of the Crypt
100891 | Crypt:1  | Reached skill level 21 in Conjurations
100921 | Crypt:1  | Noticed Jorgrun
100926 | Crypt:1  | Killed Jorgrun
101448 | Crypt:1  | Identified the +4 bastard sword "Gudirch" {venom, *Tele +Rage rN+ Dex+3} (You found it on level 6 of the Pits of Slime)
101913 | Crypt:2  | Got a faintly glowing marble ring
102866 | Crypt:3  | Entered Level 3 of the Crypt
103354 | Crypt:3  | Identified the Handbook of the Escort
103441 | Crypt:3  | Found a staircase to the Tomb.
103500 | Tomb:1   | Entered Level 1 of the Tomb of the Ancients
103549 | Tomb:1   | Noticed Frederick
103556 | Tomb:1   | Killed Frederick
103915 | Tomb:1   | Noticed an ancient lich
103920 | Tomb:1   | Killed an ancient lich
107597 | Tomb:1   | Gained mutation: Your natural rate of healing is unusually fast. [evolution]
108126 | Tomb:3   | Entered Level 3 of the Tomb of the Ancients
108129 | Tomb:3   | Reached skill level 22 in Conjurations
108612 | Tomb:3   | Identified the cursed ring "Baetin" {Fire rN+} (You found it on level 2 of the Crypt)
109006 | Tomb:3   | Got a golden rune of Zot
109158 | Tomb:3   | Identified the Incunabulum of Harmful Lightness
109337 | Tomb:3   | Got a glittering lapis lazuli ring
109377 | Tomb:3   | Got a glittering golden ring
109379 | Tomb:3   | Got a flickering iron ring
109381 | Tomb:3   | Got an ancient pewter ring
109383 | Tomb:3   | Identified the Reference Book on Companions and Darkness
109385 | Tomb:3   | Got a twitching iron ring
109387 | Tomb:3   | Got a twitching copper ring
109402 | Tomb:3   | Identified the Almanac of the Rocks
109424 | Tomb:3   | Got a pitted quarterstaff
109426 | Tomb:3   | Got a pitted quarterstaff
109449 | Tomb:3   | Identified the +4 quarterstaff "Bleitses" {holy, rPois rN+ MR++} (You found it on level 3 of the Tomb of the Ancients)
109450 | Tomb:3   | Identified the cursed +0 quarterstaff of the Viper {drain, +Inv rElec rPois} (You found it on level 3 of the Tomb of the Ancients)
109454 | Tomb:3   | Identified the ring "Evadosheo" {+Inv Int+3} (You found it on level 3 of the Tomb of the Ancients)
109456 | Tomb:3   | Identified the ring "Ymame" {Fire rN+} (You found it on level 3 of the Tomb of the Ancients)
109458 | Tomb:3   | Identified the ring of Demnacom {Str+2 Dex-2 Int+3} (You found it on level 3 of the Tomb of the Ancients)
109460 | Tomb:3   | Identified the ring of Eme Rougg {Wiz rC+ Stlth-} (You found it on level 3 of the Tomb of the Ancients)
109462 | Tomb:3   | Identified the ring of the Clouds {Fire Str+3 Int-4} (You found it on level 3 of the Tomb of the Ancients)
109464 | Tomb:3   | Identified the ring of Zuqesa Bliol {Str+5 Dex+2} (You found it on level 3 of the Tomb of the Ancients)
111172 | Zot:1    | Entered Level 1 of the Realm of Zot
111280 | Zig:1    | Entered Level 1 of a ziggurat
111339 | Zig:2    | Entered Level 2 of a ziggurat
111372 | Zig:3    | Entered Level 3 of a ziggurat
111396 | Zig:3    | Identified Sif Muna's Tome of the Mutagenic Rocks
111444 | Zig:4    | Entered Level 4 of a ziggurat
111641 | Zig:5    | Entered Level 5 of a ziggurat
111808 | Zig:6    | Entered Level 6 of a ziggurat
111838 | Zig:6    | Got a shimmering leather armour
111869 | Zig:7    | Entered Level 7 of a ziggurat
112036 | Zig:8    | Entered Level 8 of a ziggurat
112066 | Zig:8    | Got a crystal hand axe
112104 | Zig:8    | Got a crystal greatsling
112105 | Zig:8    | Identified the +4 greatsling of Omonie Riuwk {venom, rC+} (You found it on level 8 of a ziggurat)
112106 | Zig:8    | Identified the +6 hand axe of Uncertain Death {venom, rN+ MR+} (You found it on level 8 of a ziggurat)
112118 | Zig:8    | Identified the cursed -1 leather armour of Diczusip {rPois rF+} (You found it on level 6 of a ziggurat)
112188 | Zig:9    | Entered Level 9 of a ziggurat
112259 | Zig:10   | Entered Level 10 of a ziggurat
112351 | Zig:10   | Got a crystal long sword
112353 | Zig:10   | Got a brightly glowing tin amulet
112360 | Zig:10   | Got a crude steel ring
112387 | Zig:10   | Gained mutation: You are dopey. (Int -2) [mutagenic meat]
112487 | Zig:11   | Entered Level 11 of a ziggurat
112543 | Zig:11   | Identified the +9 long sword "Schown" {slice, rN+ Str+4} (You found it on level 10 of a ziggurat)
112612 | Zig:11   | Identified the Compendium of Conjuration (You found it on level 11 of a ziggurat)
112628 | Zig:11   | Got a twisted leather armour
112641 | Zig:11   | Got a transparent plate armour
112718 | Zig:12   | Entered Level 12 of a ziggurat
112774 | Zig:12   | Got a fine granite ring
112779 | Zig:12   | Identified the cursed +3 leather armour of Grottiness {Str+2 Int+1} (You found it on level 11 of a ziggurat)
112780 | Zig:12   | Identified the amulet of Magig {Inacc rF+ rC+ rN+} (You found it on level 10 of a ziggurat)
112782 | Zig:12   | Identified the +6 plate armour of Peek-a-Boo {rF+ rC+} (You found it on level 11 of a ziggurat)
112796 | Zig:12   | Got a warped morningstar
112864 | Zig:13   | Entered Level 13 of a ziggurat
112887 | Zig:13   | Reached skill level 23 in Conjurations
112991 | Zig:13   | Got a crystal glaive
112993 | Zig:13   | Got a vibrating silver ring
112994 | Zig:13   | Identified the +9 glaive "Tiuj" {drain, +Blink +Inv rN+} (You found it on level 13 of a ziggurat)
112996 | Zig:13   | Identified the +3 morningstar "Shesiklo" {vamp, rElec rC++ rN+ MR++} (You found it on level 12 of a ziggurat)
112998 | Zig:13   | Identified the ring of the Magpie {Ice Dex+2} (You found it on level 13 of a ziggurat)
113000 | Zig:13   | Identified the cursed ring of Klicw {Int-2 Slay+5 Stlth-} (You found it on level 10 of a ziggurat)
113002 | Zig:13   | Identified the ring "Soirchol" {Fire Str+2 Dex+4} (You found it on level 12 of a ziggurat)
113018 | Zig:13   | Got a glittering pewter amulet
113069 | Zig:13   | Identified the amulet of Ojoir {Ward rN+ SInv} (You found it on level 13 of a ziggurat)
113073 | Zig:14   | Entered Level 14 of a ziggurat
113170 | Zig:14   | Got a crude jade ring
113184 | Zig:14   | Identified the ring of the Eight Cities {+Fly rF++} (You found it on level 14 of a ziggurat)
113192 | Zig:15   | Entered Level 15 of a ziggurat
113216 | Zig:15   | Lost dexterity.
113325 | Zig:15   | Got a brightly glowing quarterstaff
113331 | Zig:15   | Identified the Handbook of Snow (You found it on level 15 of a ziggurat)
113342 | Zig:15   | Identified the +5 quarterstaff "Shequs" {venom, rElec} (You found it on level 15 of a ziggurat)
113350 | Zig:15   | Got a twitching wooden ring
113356 | Zig:15   | Identified the ring of Springtime {rElec MR+ AC+1} (You found it on level 15 of a ziggurat)
114095 | Zig:15   | Lost mutation: You are dopey. (Int -2) [evolution]
114410 | Zig:16   | Entered Level 16 of a ziggurat
114518 | Zig:16   | Identified Puthriof's Disquisition on Virous Confrontation (You found it on level 16 of a ziggurat)
114520 | Zig:16   | Got a steaming trident
114526 | Zig:16   | Identified Skehont's Almanac of Bewitchment (You found it on level 16 of a ziggurat)
114546 | Zig:16   | Learned a level 3 spell: Regeneration
114573 | Zig:17   | Entered Level 17 of a ziggurat
114705 | Zig:17   | Got a pair of jewelled boots
114708 | Zig:17   | Got a fine glass ring
114712 | Zig:18   | Entered Level 18 of a ziggurat
114799 | Zig:18   | Gained mutation: Your body is slowly deteriorating. [mutagenic glow]
114976 | Zig:18   | Identified the +0 pair of boots of the Orb Guardian {rF++ Dex+2} (You found it on level 17 of a ziggurat)
114981 | Zig:18   | Got a warped buckler
114992 | Zig:18   | Identified the +0 buckler "Amey" {Str+1} (You acquired it on level 18 of a ziggurat)
115004 | Zig:18   | Identified the cursed +0 trident of Beogh's Brutal Revenge {elec, +Inv} (You found it on level 16 of a ziggurat)
115014 | Zig:18   | Identified the ring "Tosut" {+Fly MR+} (You found it on level 17 of a ziggurat)
115129 | Zig:18   | Got a shimmering falchion
115138 | Zig:18   | Identified a +3 rod of clouds (11/11) (You found it on level 18 of a ziggurat)
115222 | Zig:19   | Entered Level 19 of a ziggurat
115426 | Zig:19   | Identified the +5 falchion of Tenacity {slice, Dex+2 Stlth-- Curse} (You found it on level 18 of a ziggurat)
115452 | Zig:19   | Identified Schaov's Papyrus of Conjuration (You found it on level 19 of a ziggurat)
115503 | Zig:20   | Entered Level 20 of a ziggurat
115539 | Zig:20   | Gained mutation: Your spells are a little easier to cast, but a little less powerful. [a neqoxec]
115608 | Zig:20   | Got a steaming copper amulet
115611 | Zig:20   | Got a fine jade ring
115622 | Zig:20   | Reached skill level 24 in Conjurations
115624 | Zig:20   | Got a pitted amber ring
115636 | Zig:20   | Got a dazzling plate armour
115683 | Zig:21   | Entered Level 21 of a ziggurat
115829 | Zig:21   | Identified the cursed -2 plate armour of Keudghyf {+Inv Slay+2} (You found it on level 20 of a ziggurat)
115830 | Zig:21   | Identified the ring "Skaschag" {Dex+2 Int+3 SInv} (You found it on level 20 of a ziggurat)
115832 | Zig:21   | Identified the ring "Momoehost" {Dex+1 Int+3} (You found it on level 20 of a ziggurat)
115834 | Zig:21   | Identified the amulet of Beoshrogh {rMut +Inv} (You found it on level 20 of a ziggurat)
115864 | Zig:21   | Identified Khufu's Disquisition on Evil and Good Luck (You found it on level 21 of a ziggurat)
115890 | Zig:22   | Entered Level 22 of a ziggurat
115930 | Zig:22   | Reached skill level 5 in Shields
115942 | Zig:22   | Paralysed by accursed screaming for 1 turns
116086 | Zig:22   | Got a twitching bone ring
116102 | Zig:22   | Got a heavily runed steel amulet
116107 | Zig:22   | Identified the ring of Ziwoclis {Slay+3 Stlth-} (You found it on level 22 of a ziggurat)
116108 | Zig:22   | Identified the amulet of Blaub {Spirit Int+3} (You found it on level 22 of a ziggurat)
116113 | Zig:22   | Got a crude bronze ring
116115 | Zig:22   | Got a slimy bone ring
116122 | Zig:22   | Identified the Grimoire of the Oath (You found it on level 22 of a ziggurat)
116133 | Zig:22   | Got a smoking dagger
116135 | Zig:22   | Identified the +9 dagger of Xuraqiris {freeze, rN+ Stlth--} (You found it on level 22 of a ziggurat)
116292 | Zig:22   | Identified the ring "Ungoon" {rElec MR+ Int+1 Stlth+} (You found it on level 22 of a ziggurat)
116294 | Zig:22   | Identified the ring of Xuschiotu {rF++ Slay+2} (You found it on level 22 of a ziggurat)
116303 | Zig:23   | Entered Level 23 of a ziggurat
116430 | Zig:23   | Got a crystal short sword
116431 | Zig:23   | Identified the cursed -2 short sword of Punishment {slice, rPois} (You found it on level 23 of a ziggurat)
116436 | Zig:23   | Got a blackened ring mail
116437 | Zig:23   | Identified the cursed +4 ring mail of Skaej {rN+ Slay-1 SInv Stlth-} (You found it on level 23 of a ziggurat)
116553 | Zig:24   | Entered Level 24 of a ziggurat
116783 | Zig:24   | Noticed an ancient lich
116792 | Zig:24   | Killed an ancient lich
116800 | Zig:24   | Gained mutation: You are agile. (Dex +2) [evolution]
117649 | Zig:24   | Reached skill level 10 in Shields
117649 | Zig:24   | Reached skill level 25 in Conjurations
117689 | Zig:24   | Got a pitted iron ring
117690 | Zig:24   | Identified the ring "Veacsex" {rF+ rC+} (You found it on level 24 of a ziggurat)
118450 | Hell     | Entered the Vestibule of Hell
119198 | Hell     | Noticed Geryon
119211 | Hell     | Killed Geryon
119515 | Hell     | Found a gateway to the ashen valley of Gehenna.
119823 | Hell     | Found a gateway to the Iron City of Dis.
119858 | Hell     | Found a gateway to the freezing wastes of Cocytus.
119907 | Hell     | Found a gateway to the decaying netherworld of Tartarus.
120409 | Depths:4 | Voluntarily entered the Abyss.
120934 | Abyss:1  | Paralysed by you for 5 turns
120957 | Abyss:1  | Gained mutation: Armour fits poorly on your strangely shaped body. [a neqoxec]
123182 | Abyss:4  | Paralysed by accursed screaming for 1 turns
123190 | Abyss:4  | Paralysed by you for 2 turns
123302 | Abyss:4  | Paralysed by accursed screaming for 1 turns
123434 | Abyss:4  | Reached skill level 26 in Conjurations
124030 | Abyss:4  | Paralysed by you for 5 turns
124477 | Abyss:4  | Got an abyssal rune of Zot
124496 | Abyss:4  | Found a corrupted altar of Lugonu.
124627 | Depths:4 | Escaped the Abyss
124700 | Depths:3 | Lost mutation: You evolve. [end of evolution]
124895 | Pan      | Entered Pandemonium
125275 | Pan      | Found an exit through the horrors of the Abyss.
125379 | Pan      | Noticed Qaigatz the pandemonium lord
125387 | Pan      | Killed Qaigatz the pandemonium lord
125727 | Pan      | Gained mutation: You are frail (-10% HP). [a cacodemon]
126749 | Pan      | Gained mutation: You are very frail (-20% HP). [a cacodemon]
126757 | Pan      | Lost mutation: You are very frail (-20% HP). [a cacodemon]
127122 | Pan      | Found an exit through the horrors of the Abyss.
127648 | Pan      | Noticed Hecaquahi the pandemonium lord
127659 | Pan      | Killed Hecaquahi the pandemonium lord
127705 | Pan      | Got a slimy lapis lazuli ring
127706 | Pan      | Identified the ring "Nerio" {+/*Tele MR+ SInv Stlth--} (You found it in Pandemonium)
127725 | Pan      | Got a slimy battleaxe
127726 | Pan      | Identified the +7 battleaxe of Twaevar {chop, rElec rC+} (You found it in Pandemonium)
128153 | Pan      | Found an exit through the horrors of the Abyss.
128171 | Pan      | Got a heavily runed leather armour
128172 | Pan      | Identified the +1 leather armour of Viem {Dex+2 Int+3} (You found it in Pandemonium)
128357 | Pan      | Gained mutation: Your magical capacity is low (-10% MP). [a neqoxec]
128650 | Pan      | Noticed Piyciufy the pandemonium lord
128655 | Pan      | Killed Piyciufy the pandemonium lord
128655 | Pan      | Reached skill level 15 in Shields
129149 | Pan      | Noticed Hiykecec the pandemonium lord
129162 | Pan      | Killed Hiykecec the pandemonium lord
129622 | Pan      | Found an exit through the horrors of the Abyss.
130012 | Pan      | Got a twisted short sword
130013 | Pan      | Identified the +6 short sword "Hodghoott" {pain, rElec rF+ SInv} (You found it in Pandemonium)
130238 | Pan      | Reached skill level 1 in Polearms
130288 | Pan      | Noticed Deseiky the pandemonium lord
130291 | Pan      | Killed Deseiky the pandemonium lord
130405 | Pan      | Reached skill level 27 in Conjurations
130528 | Pan      | Got a demonic rune of Zot
130531 | Pan      | Got a flickering brass ring
130857 | Pan      | Found an exit through the horrors of the Abyss.
130991 | Pan      | Noticed Pouhilof the pandemonium lord
130995 | Pan      | Killed Pouhilof the pandemonium lord
131420 | Pan      | Found an exit through the horrors of the Abyss.
131632 | Pan      | Reached skill level 5 in Polearms
131849 | Pan      | Noticed Waof the pandemonium lord
131857 | Pan      | Killed Waof the pandemonium lord
132065 | Pan      | Got a sparkling turquoise ring
132066 | Pan      | Identified the ring "Ifono" {Fire Slay+5 Stlth++} (You found it in Pandemonium)
132067 | Pan      | Identified the cursed ring "Keh Obeu" {EV-3 Str-2 Dex+2 Int+1} (You found it in Pandemonium)
132087 | Pan      | Got a dazzling scale mail
132088 | Pan      | Identified the cursed +0 scale mail "Mnewn" {Str+3 Dex-3} (You took it off a red devil in Pandemonium)
132684 | Pan      | Found a gateway to a ziggurat.
132700 | Pan      | Noticed Ilaeru Sets the pandemonium lord
132780 | Pan      | Killed Ilaeru Sets the pandemonium lord
133028 | Zig:1    | Entered Level 1 of a ziggurat
133105 | Zig:2    | Entered Level 2 of a ziggurat
133153 | Zig:3    | Entered Level 3 of a ziggurat
133302 | Zig:4    | Entered Level 4 of a ziggurat
133351 | Zig:5    | Entered Level 5 of a ziggurat
133532 | Zig:6    | Entered Level 6 of a ziggurat
133590 | Zig:7    | Entered Level 7 of a ziggurat
133618 | Zig:7    | Gained mutation: You have very sharp teeth. [mutagenic meat]
133619 | Zig:7    | Lost mutation: Your body is slowly deteriorating. [mutagenic meat]
133639 | Zig:8    | Entered Level 8 of a ziggurat
133645 | Zig:8    | Noticed an orb of fire
133645 | Zig:8    | Noticed an orb of fire
133653 | Zig:8    | Killed an orb of fire
133659 | Zig:8    | Killed an orb of fire
133683 | Zig:8    | Identified the Volume of Spatial Conjuration (You found it on level 8 of a ziggurat)
133694 | Zig:8    | Learned a level 7 spell: Controlled Blink
133758 | Zig:8    | Gained mutation: Your mind is acute. (Int +2) [potion of mutation]
133758 | Zig:8    | Gained mutation: You have a pair of small horns on your head. [potion of mutation]
133758 | Zig:8    | Lost mutation: Armour fits poorly on your strangely shaped body. [potion of mutation]
133760 | Zig:8    | Lost mutation: You are agile. (Dex +2) [potion of mutation]
133760 | Zig:8    | Lost mutation: Your flesh is cold resistant. [potion of mutation]
133762 | Zig:8    | Got a jewelled scimitar
133763 | Zig:8    | Identified the +8 scimitar "Goblinbane" {slice, MR++} (You found it on level 8 of a ziggurat)
133794 | Zig:9    | Entered Level 9 of a ziggurat
133853 | Zig:9    | Got a heavily runed turquoise ring
133868 | Zig:9    | Identified the ring "Fidiqa" {rF+ Str+2} (You found it on level 9 of a ziggurat)
133871 | Zig:10   | Entered Level 10 of a ziggurat
133943 | Zig:10   | Got a heavily runed lapis lazuli ring
133954 | Zig:10   | Got a smoking robe
133965 | Zig:10   | Identified the ring "Klaumuza" {rF+ SInv} (You found it on level 10 of a ziggurat)
133980 | Zig:10   | Identified the cursed +1 robe "Vibok" {rF+ rC+ Str+4} (You found it on level 10 of a ziggurat)
133996 | Zig:11   | Entered Level 11 of a ziggurat
134219 | Zig:11   | Got a twisted cloak
134244 | Zig:11   | Got a faintly glowing mace
134248 | Zig:11   | Identified the +2 mace "Clezoma" {crush, rN+ Stlth+} (You found it on level 11 of a ziggurat)
134260 | Zig:11   | Identified the +0 cloak of the Arcane {Dex+2 Stlth+} (You found it on level 11 of a ziggurat)
134274 | Zig:11   | Got a distressingly furry chain mail
134285 | Zig:11   | Identified the cursed +11 chain mail "Byofyzxuju" {+Fly Stlth--} (You found it on level 11 of a ziggurat)
134287 | Zig:11   | Identified a +6 rod of the swarm (12/12) (You found it on level 11 of a ziggurat)
134303 | Zig:11   | Identified Hotyu's Tome of Enchantment and the Rocks (You found it on level 11 of a ziggurat)
134362 | Zig:12   | Entered Level 12 of a ziggurat
134383 | Zig:12   | Reached skill level 10 in Polearms
134427 | Zig:12   | Identified Mnoaffut's Papyrus of Doomed Protection (You found it on level 12 of a ziggurat)
134435 | Zig:12   | Got a steaming dagger
134445 | Zig:12   | Identified the +9 dagger "Ghyivuon" {speed, rC+} (You found it on level 12 of a ziggurat)
134475 | Zig:13   | Entered Level 13 of a ziggurat
134550 | Zig:13   | Got a faintly glowing golden ring
134562 | Zig:13   | Got a steaming leather armour
134569 | Zig:13   | Identified the cursed -2 leather armour "Hikiposu" {rF+} (You found it on level 13 of a ziggurat)
134579 | Zig:13   | Got a slimy falchion
134580 | Zig:13   | Identified the +10 falchion of Cheuc {venom, Int-1 Stlth+} (You found it on level 13 of a ziggurat)
134587 | Zig:14   | Entered Level 14 of a ziggurat
134670 | Zig:14   | Got an ichor-stained falchion
134671 | Zig:14   | Identified the +3 falchion of the Unspeakable One {slice, +Rage Str+2 Dex-2 Int+4} (You found it on level 14 of a ziggurat)
134697 | Zig:15   | Entered Level 15 of a ziggurat
134749 | Zig:15   | Got a steaming short sword
134762 | Zig:15   | Got a slimy zirconium amulet
134778 | Zig:15   | Identified the ring of Awe {rF+ MR+ Dex+1} (You found it on level 13 of a ziggurat)
134785 | Zig:15   | Identified the amulet of Phyant {Stasis +Inv rC+} (You found it on level 15 of a ziggurat)
134830 | Zig:16   | Entered Level 16 of a ziggurat
134944 | Zig:16   | Got a faintly glowing bone amulet
134954 | Zig:16   | Got a dazzling cutlass
134967 | Zig:16   | Identified the cursed +3 short sword "Mis Kly" {drain, rPois Dex-2 SInv} (You found it on level 15 of a ziggurat)
134969 | Zig:16   | Identified the amulet "Pnoatixo" {Ward rC- rN+ Str+2 Dex+3 Slay+4} (You found it on level 16 of a ziggurat)
134974 | Zig:16   | Identified the +6 cutlass of Mayhem {speed, rPois Str+3} (You found it on level 16 of a ziggurat)
135016 | Zig:17   | Entered Level 17 of a ziggurat
135388 | Zig:17   | Got a warped platinum amulet
135390 | Zig:17   | Identified the Incunabulum of Cold (You found it on level 17 of a ziggurat)
135443 | Zig:17   | Got a transparent scimitar
135444 | Zig:17   | Identified the +3 scimitar of Watchfulness {holy, -Cast +Blink rF+} (You found it on level 17 of a ziggurat)
135456 | Zig:18   | Entered Level 18 of a ziggurat
135880 | Zig:18   | Got a fine lapis lazuli ring
135886 | Zig:18   | Got a pair of steaming boots
135913 | Zig:18   | Identified the +2 pair of boots of Follow the Leader {rElec} (You found it on level 18 of a ziggurat)
135917 | Zig:18   | Identified the ring of Virtue {rPois rC++ Stlth-} (You found it on level 18 of a ziggurat)
135919 | Zig:18   | Identified the cursed amulet "Lenist" {Faith +Rage rElec} (You found it on level 17 of a ziggurat)
135938 | Zig:18   | Identified a +6 rod of the swarm (11/11) (You found it on level 18 of a ziggurat)
135954 | Zig:18   | Got a jewelled glaive
135960 | Zig:18   | Got a faintly glowing bardiche
135969 | Zig:19   | Entered Level 19 of a ziggurat
135992 | Zig:19   | Noticed an ancient lich
135996 | Zig:19   | Killed an ancient lich
135998 | Zig:19   | Noticed an ancient lich
136003 | Zig:19   | Killed an ancient lich
136071 | Zig:19   | Identified the Grimoire of Orientation and Changing (You found it on level 19 of a ziggurat)
136078 | Zig:19   | Got a twitching sapphire amulet
136091 | Zig:19   | Identified the Papyrus of the Birds and Transmigration (You found it on level 19 of a ziggurat)
136147 | Zig:20   | Entered Level 20 of a ziggurat
136183 | Zig:20   | Reached skill level 15 in Polearms
136197 | Zig:20   | Killed by an indirect mummy death curse

Action                   |  1- 3 |  4- 6 |  7- 9 | 10-12 | 13-15 | 16-18 | 19-21 | 22-24 | 25-27 || total
-------------------------+-------+-------+-------+-------+-------+-------+-------+-------+-------++-------
Melee: Dagger            |    17 |    14 |       |       |       |       |       |       |       ||    31
       Spear             |       |     1 |    22 |       |       |       |       |       |       ||    23
       Falchion          |       |       |   196 |       |       |       |       |       |       ||   196
       Flail             |       |       |     6 |   353 |     2 |       |       |       |       ||   361
       Staff             |       |       |       |    21 |   247 |   118 |    66 |    18 |   197 ||   667
       Rod               |       |       |       |       |     3 |       |       |       |       ||     3
       Lance             |       |       |       |       |       |       |       |       |  1777 ||  1777
       Hand axe          |       |       |       |       |       |       |       |       |    10 ||    10
       Unarmed           |       |       |       |       |       |       |       |       |     4 ||     4
       Long sword        |       |       |       |       |       |       |       |       |     4 ||     4
 Cast: Magic Dart        |    71 |   157 |   257 |   160 |       |       |       |       |       ||   645
       Repel Missiles    |     1 |       |     3 |     5 |     3 |    13 |     3 |    10 |    13 ||    51
       Conjure Flame     |       |     1 |     7 |    24 |    15 |     1 |       |       |       ||    48
       Mephitic Cloud    |       |     2 |    17 |    27 |     5 |    18 |     7 |     8 |       ||    84
       Blink             |       |     1 |     2 |    16 |    19 |     7 |     8 |    38 |    61 ||   152
       Throw Icicle      |       |       |       |   185 |     5 |       |       |       |       ||   190
       Sticky Flame      |       |       |       |    83 |    27 |       |       |     3 |     6 ||   119
       Bolt of Magma     |       |       |       |    24 |   642 |   316 |    78 |   274 |   998 ||  2332
       Iron Shot         |       |       |       |       |    83 |   150 |   198 |   214 |       ||   645
       Lee's Rapid Decon |       |       |       |       |       |    46 |    33 |    44 |    21 ||   144
       Fireball          |       |       |       |       |       |    39 |   186 |   217 |   112 ||   554
       Delayed Fireball  |       |       |       |       |       |     1 |     8 |     7 |     7 ||    23
       Haste             |       |       |       |       |       |       |       |    13 |    50 ||    63
       Control Teleport  |       |       |       |       |       |       |       |     6 |    22 ||    28
       Lehudib's Crystal |       |       |       |       |       |       |       |    18 |   554 ||   572
       Ring of Flames    |       |       |       |       |       |       |       |       |   178 ||   178
       Fire Storm        |       |       |       |       |       |       |       |       |   344 ||   344
       Regeneration      |       |       |       |       |       |       |       |       |    46 ||    46
       Controlled Blink  |       |       |       |       |       |       |       |       |     1 ||     1
 Abil: Fly               |       |       |       |       |     1 |       |       |       |     2 ||     3
       Evoke Blink       |       |       |       |       |       |       |     2 |       |       ||     2
       Release Delayed F |       |       |       |       |       |       |     8 |     6 |     6 ||    20
       Evoke Invisibilit |       |       |       |       |       |       |       |     1 |     1 ||     2
Evoke: Wand              |       |     1 |       |    12 |    16 |    10 |     3 |     6 |    39 ||    87
       Lamp of fire      |       |       |       |       |     3 |     5 |     9 |    10 |    45 ||    72
       Rod               |       |       |       |       |     1 |       |     2 |       |     2 ||     5
       Sack of spiders   |       |       |       |       |       |     4 |     3 |     6 |     6 ||    19
       Fan of gales      |       |       |       |       |       |     3 |     2 |     4 |     9 ||    18
       Staff of energy   |       |       |       |       |       |       |    34 |   156 |   199 ||   389
       Disc of storms    |       |       |       |       |       |       |       |       |    57 ||    57
       Horn of Geryon    |       |       |       |       |       |       |       |       |     2 ||     2
       Deck              |       |       |       |       |       |       |       |       |     1 ||     1
  Use: Scroll            |       |       |     7 |     9 |    17 |     9 |    13 |    12 |    66 ||   133
       Potion            |       |       |       |     4 |     1 |     3 |     5 |     3 |    43 ||    59
 Stab: Confused          |       |       |     3 |     2 |       |       |       |       |     1 ||     6
       Distracted        |       |       |       |       |       |     1 |       |       |     1 ||     2
       Held in net/web   |       |       |       |       |       |       |       |       |     1 ||     1
  Eat: Chunk             |       |     8 |    16 |    26 |   107 |    58 |    30 |    46 |   209 ||   500
       Beef jerky        |       |     1 |       |     1 |     3 |     1 |     1 |     3 |     5 ||    15
       Pizza             |       |       |       |     2 |     3 |       |       |     2 |     6 ||    13
       Royal jelly       |       |       |       |     1 |     2 |     1 |     1 |       |     1 ||     6
       Meat ration       |       |       |       |     1 |     3 |     2 |     1 |     2 |    12 ||    21
       Fruit             |       |       |       |       |     4 |     3 |     2 |       |     2 ||    11
       Bread ration      |       |       |       |       |       |       |       |       |    15 ||    15
